 Dungeon Crawl Stone Soup version 0.20-a0-647-gf178af5 (webtiles) character file.

16907 GlassEater the Severer (level 12, -7/112 HPs)
             Began as a Minotaur Berserker on Feb 16, 2017.
             Was a High Priest of Trog.
             Mangled by Frances
             ... wielding a +0 short sword
              (14 damage)
             ... on level 12 of the Dungeon.
             The game lasted 00:22:40 (10456 turns).

GlassEater the Severer (Minotaur Berserker)        Turns: 10456, Time: 00:22:41

Health: -7/112     AC:  8    Str: 26    XL:     12   Next: 14%
Magic:  3/3        EV: 16    Int:  1    God:    Trog [*****.]
Gold:   624        SH:  5    Dex: 19    Spells: 11/11 levels left

rFire    + + .     SeeInvis +   a - +2 battleaxe (antimagic)
rCold    + . .     Gourm    .   M - +1 scale mail of Sovereignty {Dex+2 SInv}
rNeg     + . .     Faith    .   (shield currently unavailable)
rPois    .         Spirit   .   (helmet restricted)
rElec    .         Reflect  +   (no cloak)
rCorr    .         Harm     .   w - +0 pair of gloves
MR       ++++.                  E - +0 pair of boots
Stlth    +.........             g - +5 amulet of reflection
Regen    1.7/turn               H - ring "Agaoxa Wifagh" {rC+ rN+ MR+ Str+4 Int-3}
MPRegen  0.1/turn               y - ring of protection from magic

@: regenerating
A: retaliatory headbutt, horns 2, thin skeletal structure 1, deformed body, fire
resistance 2, regeneration 1, evolution 1
a: Berserk, Trog's Hand, Brothers in Arms, Burn Spellbooks, Renounce Religion


You were on level 12 of the Dungeon.
You worshipped Trog.
Trog was extremely pleased with you.
You were not hungry.

You visited 1 branch of the dungeon, and saw 12 of its levels.

You collected 624 gold pieces.

Inventory:

Hand Weapons
 a - a +2 antimagic battleaxe (weapon)
 b - a +0 shortbow
Missiles
 k - 133 arrows
Armour
 w - a +0 pair of gloves (worn)
 E - a +0 pair of boots (worn)
 M - the +1 scale mail of Sovereignty (worn) {Dex+2 SInv}
   (You found it on level 8 of the Dungeon)

   It affects your dexterity (+2).
   It lets you see invisible.
Jewellery
 g - a +5 amulet of reflection (around neck)
 h - an uncursed ring of fire
 p - a +5 ring of dexterity {unknown}
 y - a ring of protection from magic (left hand)
 H - the ring "Agaoxa Wifagh" (right hand) {rC+ rN+ MR+ Str+4 Int-3}
   (You found it on level 8 of the Dungeon)

   [ring of protection from cold]

   It affects your strength (+4).
   It affects your intelligence (-3).
   It protects you from cold.
   It protects you from negative energy.
   It affects your resistance to hostile enchantments.
Scrolls
 d - 4 scrolls of amnesia {unknown}
 e - 6 scrolls of recharging {unknown}
 f - 5 scrolls of immolation {unknown}
 i - 3 scrolls of blinking {unknown}
 n - 6 scrolls of magic mapping {unknown}
 q - 4 scrolls of remove curse
 s - 7 scrolls of teleportation {unknown}
 A - a scroll of noise {unknown}
 C - 4 scrolls of enchant weapon {unknown}
 D - a scroll of fog {unknown}
 G - a scroll of random uselessness {unknown}
 J - a scroll of vulnerability {unknown}
 K - 3 scrolls of enchant armour {unknown}
Potions
 l - 5 potions of agility
 m - 4 potions of haste
 r - 5 potions of might
 u - 5 potions of flight
 v - 2 potions of heal wounds
 x - 5 potions of curing
 z - a potion of magic
 F - a potion of ambrosia
Comestibles
 c - 6 bread rations
 j - 5 meat rations
 I - 6 royal jellies
 L - 4 fruits


   Skills:
 + Level 11.8 Fighting
 + Level 15.8 Axes
 * Level 7.0 Bows
 + Level 7.5 Armour
 + Level 7.5 Dodging
   Level 0.2 Shields


You had 11 spell levels left.
You didn't know any spells.

Dungeon Overview and Level Annotations

Branches:
Dungeon (12/15)            Temple (0/1) D:7            Lair (0/6) D:11
    Orc (0/2) D:9

Altars:
Ru
Xom

Shops:
D:8 }

Annotations:
D:12 Frances


Innate Abilities, Weirdness & Mutations

You reflexively headbutt those who attack you in melee.
You have a pair of horns on your head.
You have a somewhat thin skeletal structure. (Dex +2, Stealth)
Armour fits poorly on your strangely shaped body.
Your flesh is very heat resistant. (rF++)
Your natural rate of healing is unusually fast.
You evolve.


Message History

The red devil misses you. Frances hits you with a short sword!
You slash Frances!
Frances's magic leaks into the air.
You headbutt Frances.
Frances is moderately wounded.
Frances whispers indecipherable words.
The iron shot hits you! You block the red devil's attack.
Frances hits you with a short sword!
* * * LOW HITPOINT WARNING * * *
You completely miss Frances.
Frances is moderately wounded.
The red devil hits you from afar with a trident!
* * * LOW HITPOINT WARNING * * *
Frances drinks a potion.
Frances seems to grow stronger.
You eat one of the 6 meat rations.
That meat ration really hit the spot!
Frances misses you.
Your skin crawls.
You feel resistant to hostile enchantments.
You feel somewhat more hungry. Frances hits you with a short sword!
* * * LOW HITPOINT WARNING * * *
Frances hits you with a short sword!
You die...

#.# #.# #.#
#.# # #.# #.##
#.# #.... #.#
......######.#
#.....44@@($(#
..#.##3#######
... ).@..
##..## ....
.#.. ...


You could see Frances, an orange demon, a ynoxinul and a red devil.

Vanquished Creatures
  Josephine (D:11)
  Erica (D:8)
  3 two-headed ogres
  Urug (D:10)
  An unseen horror (D:11)
  Pikel (D:6)
  An ugly thing (D:11)
  Psyche (D:10)
  2 centaur zombies (D:11)
  A komodo dragon (D:11)
  Grinder (D:3)
  A troll (D:11)
  4 hippogriffs
  A vampire (D:11)
  4 wraiths (D:11)
  9 yaks (D:8)
  Sigmund (D:2)
  6 humans
  4 hogs (D:7)
  Grum (D:10)
  The ghost of Misericorde the Chiller, an amateur DsIE (D:3)
  5 sky beasts
  3 black bears
  A slave (D:6)
  2 orc warriors
  4 ice beasts
  5 phantoms
  7 ogres
  3 centaurs
  2 wolves (D:10)
  2 big kobolds (D:8)
  3 bullfrogs (D:8)
  A water moccasin zombie (D:8)
  2 scorpions
  2 troll zombies (D:9)
  10 killer bees
  4 wights (D:9)
  3 howler monkeys (D:8)
  5 crimson imps
  A quasit (D:8)
  A centaur skeleton (D:10)
  7 hounds
  3 orc priests
  A jelly (D:7)
  12 orc wizards
  A bullfrog skeleton (D:8)
  Jessica (D:2)
  2 iguanas
  6 worker ants
  6 ogre zombies (D:9)
  A hound zombie (D:7)
  3 worker ant zombies
  A howler monkey skeleton (D:5)
  15 adders
  3 shadow imps
  2 adder zombies
  2 worms
  A dart slug (D:3)
  5 leopard geckos
  29 orcs
  2 ball pythons
  11 giant cockroaches
  7 goblins
  8 hobgoblins
  15 jackals
  21 kobolds
  5 quokkas
  10 bats
  5 frilled lizards
  6 goblin zombies (D:9)
  2 hobgoblin skeletons (D:9)
  5 hobgoblin zombies (D:9)
  2 leopard gecko skeletons
  5 orc skeletons (D:9)
  7 orc zombies (D:9)
  A quokka skeleton (D:6)
  8 rats
333 creatures vanquished.

Vanquished Creatures (others)
  A slave (D:6)
  2 orcs (D:6)
3 creatures vanquished.

Grand Total: 336 creatures vanquished

Notes
Turn   | Place    | Note
-------+----------+-------------------------------------------
     0 | D:1      | GlassEater the Minotaur Berserker began the quest for the Orb.
     0 | D:1      | Reached XP level 1. HP: 19/19 MP: 0/0
   117 | D:1      | Reached skill level 4 in Axes
   117 | D:1      | Reached XP level 2. HP: 24/27 MP: 1/1
   478 | D:1      | Reached ** piety under Trog
   635 | D:2      | Reached XP level 3. HP: 32/33 MP: 2/2
  1085 | D:2      | Reached skill level 5 in Axes
  1139 | D:2      | Reached XP level 4. HP: 30/41 MP: 3/3
  1259 | D:2      | Noticed Jessica
  1261 | D:2      | Noticed Sigmund
  1279 | D:2      | Killed Sigmund
  1279 | D:2      | Reached skill level 5 in Fighting
  1279 | D:2      | Reached skill level 6 in Axes
  1279 | D:2      | Reached XP level 5. HP: 44/48 MP: 4/4
  1286 | D:2      | Killed Jessica
  1496 | D:2      | Reached XP level 6. HP: 53/57 MP: 5/5
  1906 | D:3      | Noticed Grinder
  1918 | D:3      | Killed Grinder
  1918 | D:3      | Reached skill level 7 in Axes
  2090 | D:3      | Reached XP level 7. HP: 61/63 MP: 6/6
  2230 | D:3      | Reached *** piety under Trog
  2385 | D:3      | Found a shimmering altar of Xom.
  2387 | D:3      | Found a shimmering altar of Xom.
  2387 | D:3      | Found a shimmering altar of Xom.
  2387 | D:3      | Found a shimmering altar of Xom.
  2389 | D:3      | Found a shimmering altar of Xom.
  2389 | D:3      | Found a shimmering altar of Xom.
  2391 | D:3      | Found a shimmering altar of Xom.
  2467 | D:3      | Noticed Misericorde's ghost (amateur DsIE)
  2474 | D:3      | Killed Misericorde's ghost
  2906 | D:4      | Reached skill level 8 in Axes
  3639 | D:5      | Entered Level 5 of the Dungeon
  3852 | D:5      | Reached XP level 8. HP: 23/71 MP: 7/7
  4096 | D:5      | Reached skill level 9 in Axes
  4116 | D:5      | Reached skill level 5 in Dodging
  4628 | D:5      | Gained mutation: Scrolls take you a little longer to read. [potion of mutation]
  4628 | D:5      | Gained mutation: Your natural rate of healing is unusually fast. [potion of mutation]
  4628 | D:5      | Gained mutation: You evolve. [potion of mutation]
  4863 | D:6      | Noticed Pikel
  4874 | D:6      | Killed Pikel
  4874 | D:6      | Reached skill level 10 in Axes
  4892 | D:6      | Reached XP level 9. HP: 81/81 MP: 8/8
  5055 | D:6      | Gained mutation: You are agile. (Dex +2) [evolution]
  5114 | D:6      | Found a sacrificial altar of Ru.
  5454 | D:7      | Reached **** piety under Trog
  5680 | D:7      | Found a staircase to the Ecumenical Temple.
  5700 | D:7      | Reached skill level 11 in Axes
  5850 | D:7      | Gained mutation: Scrolls take you longer to read. [evolution]
  6230 | D:7      | Reached skill level 5 in Armour
  6232 | D:7      | Reached skill level 12 in Axes
  6448 | D:8      | Reached skill level 1 in Bows
  6457 | D:8      | Noticed Erica
  6476 | D:8      | Killed Erica
  6476 | D:8      | Reached XP level 10. HP: 51/91 MP: 9/9
  6513 | D:8      | Lost mutation: Your natural rate of healing is unusually fast. [mutagenic meat]
  6514 | D:8      | Lost mutation: You are agile. (Dex +2) [mutagenic meat]
  6516 | D:8      | Gained mutation: Scrolls take you much longer to read. [mutagenic meat]
  6518 | D:8      | Gained mutation: You tend to lose your temper in combat. [mutagenic meat]
  6644 | D:8      | Reached skill level 13 in Axes
  6647 | D:8      | Reached skill level 10 in Fighting
  7341 | D:8      | Found Nirit's Gadget Shoppe.
  7358 | D:8      | Reached ***** piety under Trog
  7366 | D:8      | Got a vibrating marble ring
  7376 | D:8      | Identified the ring "Agaoxa Wifagh" {rC+ rN+ MR+ Str+4 Int-3} (You found it on level 8 of the Dungeon)
  7458 | D:8      | Got a faintly glowing scale mail
  7469 | D:8      | Identified the +1 scale mail of Sovereignty {Dex+2 SInv} (You found it on level 8 of the Dungeon)
  7516 | D:8      | Gained mutation: You are frail. (-10% HP) [mutagenic meat]
  7517 | D:8      | Gained mutation: You have sharp toenails. [mutagenic meat]
  7518 | D:8      | Gained mutation: Your flesh is heat resistant. (rF+) [mutagenic meat]
  8054 | D:9      | Reached XP level 11. HP: 90/90 MP: 10/10
  8164 | D:9      | Reached skill level 14 in Axes
  8294 | D:9      | Found a staircase to the Orcish Mines.
  8301 | D:9      | Noticed a two-headed ogre
  8336 | D:9      | Killed a two-headed ogre
  8336 | D:9      | Received a gift from Trog
  8794 | D:9      | Noticed a two-headed ogre
  8797 | D:9      | Killed a two-headed ogre
  8823 | D:9      | You fall through a shaft!
  8823 | D:10     | Entered Level 10 of the Dungeon
  8823 | D:10     | Noticed Psyche
  8823 | D:10     | Noticed Urug
  8827 | D:10     | Killed Urug
  8827 | D:10     | Reached skill level 5 in Bows
  8829 | D:10     | Killed Psyche
  8938 | D:10     | Noticed Grum
  8947 | D:10     | Killed Grum
  9489 | D:9      | Lost mutation: Scrolls take you much longer to read. [potion of mutation]
  9489 | D:9      | Lost mutation: You have sharp toenails. [potion of mutation]
  9489 | D:9      | Lost mutation: Scrolls take you longer to read. [potion of mutation]
  9489 | D:9      | Lost mutation: Scrolls take you a little longer to read. [potion of mutation]
  9489 | D:9      | Gained mutation: Armour fits poorly on your strangely shaped body. [potion of mutation]
  9489 | D:9      | Gained mutation: Your flesh is very heat resistant. (rF++) [potion of mutation]
  9490 | D:9      | Lost mutation: You tend to lose your temper in combat. [potion of mutation]
  9490 | D:9      | Lost mutation: You are frail. (-10% HP) [potion of mutation]
  9490 | D:9      | Gained mutation: Your natural rate of healing is unusually fast. [potion of mutation]
  9520 | D:11     | Noticed Josephine
  9581 | D:11     | Noticed an unseen horror
  9581 | D:11     | Noticed a cyan ugly thing
  9588 | D:11     | Killed an unseen horror
  9588 | D:11     | Reached skill level 15 in Axes
  9591 | D:11     | Killed a cyan ugly thing
  9661 | D:11     | Killed Josephine
  9672 | D:11     | Received a gift from Trog
  9952 | D:11     | Noticed a two-headed ogre
  9959 | D:11     | Killed a two-headed ogre
  9959 | D:11     | Reached XP level 12. HP: 111/111 MP: 3/11
 10048 | D:11     | Received a gift from Trog
 10188 | D:11     | Found a staircase to the Lair.
 10442 | D:12     | Noticed Frances
 10442 | D:12     | Gained mutation: You have a somewhat thin skeletal structure. (Dex +2, Stealth) [evolution]
 10456 | D:12     | Mangled by Frances

Vault maps used:
D:1:      scummos_arrival_simple_crosswalls, serial_bayou_pond_e
D:2:      minmay_roachtagon, first_bread, uniq_jessica, uniq_sigmund
D:3:      nicolae_xom_altar_mimics, uniq_grinder
D:6:      hangedman_decor_opposing, abandoned_shop, hangedman_ru_absence,
          uniq_pikel
D:7:      minmay_temple_entry_grid, grunt_livestock, kennysheep_generic_room_3
D:8:      serial_shops, nicolae_shop_window_shopping,
          eino_small_chamber_without_monster, grunt_ministairs_5, uniq_erica
D:9:      zombieorc2_lemuel, minmay_ruffians
D:10:     uniq_grum, uniq_psyche, uniq_urug
D:11:     lair_entry_dummy, nicolae_two_hexagons, uniq_josephine
D:12:     lemuel_another_geyser, uniq_frances

Skill      XL: |  1  2  3  4  5  6  7  8  9 10 11 12 |
---------------+-------------------------------------+-----
Fighting       | 4 5 6 7 9 10 11 | 11.8
Axes           | 4 5 6 7 8 10 12 13 15 | 15.8
Dodging        | 3 4 5 6 7 |  7.5
Armour         | 3 4 5 7 |  7.5
Bows           | 2 4 6 7 |  7.0
Shields        | |  0.2

Action                   |  1- 3 |  4- 6 |  7- 9 | 10-12 || total
-------------------------+-------+-------+-------+-------++-------
Melee: Hand axe          |    70 |    71 |   217 |       ||   358
       Headbutt          |    10 |     9 |    58 |   103 ||   180
       War axe           |       |       |    71 |   200 ||   271
       Kick              |       |       |       |    61 ||    61
       Battleaxe         |       |       |       |   155 ||   155
 Fire: Shortbow          |       |       |       |     6 ||     6
Invok: Berserk           |       |     2 |     8 |     8 ||    18
       Trog's Hand       |       |     2 |     2 |     1 ||     5
       Burn Spellbooks   |       |       |     1 |       ||     1
  Use: Scroll            |       |       |     9 |     7 ||    16
       Potion            |       |       |     1 |     2 ||     3
 Stab: Sleeping          |       |     1 |     1 |       ||     2
  Eat: Chunk             |       |     6 |    12 |    27 ||    45
       Meat ration       |       |       |     1 |     1 ||     2
       Bread ration      |       |       |     1 |       ||     1
       Fruit             |       |       |       |     1 ||     1
Armor: Animal skin       |    19 |    14 |     1 |       ||    34
       Leather armour    |       |       |    33 |     4 ||    37
       Scale mail        |       |       |       |    91 ||    91
       Ring mail         |       |       |       |    12 ||    12
Dodge: Dodged            |    61 |    48 |   167 |   208 ||   484
Block: Other             |       |       |    74 |    87 ||   161
       Reflection        |       |       |     2 |     6 ||     8
